 Dungeon Crawl Stone Soup version 0.32-a0-876-gcfddb08e57 (webtiles) character file.

Game seed: 6546922489001328295

55842 GeoRichter the Brawler (level 14, 0/135 HPs)
             Began as a Green Draconian Shapeshifter on Apr 1, 2024.
             Was a Priest of Beogh.
             Killed by divine providence
             ... invoked by an orc high priest
              (9 damage)
             ... on level 1 of the Orcish Mines.
             The game lasted 00:29:02 (19150 turns).

GeoRichter the Brawler (DrSh)                      Turns: 19150, Time: 00:29:03

Health: 0/135      AC: 11    Str: 20    XL:     14   Next: 39%
Magic:  20/20      EV: 15    Int: 10    God:    Beogh [***...]
Gold:   1237       SH:  0    Dex: 17    Spells: 13/13 levels left

rFire   + .          .
                       - Unarmed
rCold   . . .        G - melded +0 buckler
rNeg    . . .        (body armour unavailable)
rPois   +            (helmet restricted)
rElec   .            K - +0 cloak
rCorr   .            (no gloves)
SInv    +            u - +1 pair of boots
Will    ++...        O - amulet "Balos" {rF+ RegenMP+ Dex+4 SInv}
Stlth   +            m - ring of willpower
HPRegen 0.42/turn    (no ring)
MPRegen 0.57/turn

%: no passive effects
@: flux-form, glowing
A: glow, contaminating, noxious breath, AC +8, unfitting armour, stinger 1,
poison resistance, cold-blooded
a: Noxious Breath, Begin Untransformation, Renounce Religion, Smiting, Recall
Apostles, Dismiss Wargath, priest, Dismiss Morguth, priest, Dismiss Brunolf,
priest


You were on level 1 of the Orcish Mines.
You worshipped Beogh.
Beogh was most pleased with you.
You were something dangerously unstable.
You visited 3 branches of the dungeon, and saw 16 of its levels.

You collected 1237 gold pieces.

Inventory:

Missiles
 z - 5 curare-tipped darts {!f}
 H - 7 throwing nets {!f}
Armour
 u - a +1 pair of boots (worn)
   (You found it on level 3 of the Dungeon)
 G - a +0 buckler (melded)
   (You took it off a gnoll sergeant on level 6 of the Dungeon)
 K - a +0 cloak (worn)
   (You found it on level 7 of the Dungeon)
 N - a +2 tower shield
   (You found it on level 8 of the Dungeon)
Jewellery
 m - a ring of willpower (left hand)
   (You found it on level 4 of the Lair of Beasts)
 O - the amulet "Balos" (around neck) {rF+ RegenMP+ Dex+4 SInv}
   (You found it on level 9 of the Dungeon)

   [amulet of magic regeneration]

   It increases your rate of magic regeneration.
   Dex+4:     It affects your dexterity (+4).
   rF+:       It protects you from fire.
   SInv:      It lets you see invisible.
   RegenMP+:  It increases your rate of magic regeneration.
Talismans
 c - a flux talisman (active)
 F - a serpent talisman
   (You found it on level 5 of the Dungeon)
 J - a dragon-blood talisman
   (You found it on level 7 of the Dungeon)
Wands
 j - a wand of flame (69)
   (You took it off Robin on level 1 of the Dungeon)
 k - a wand of mindburst (6)
   (You found it on level 10 of the Dungeon)
 s - a wand of warping (24)
   (You took it off Ijyb on level 3 of the Dungeon)
 A - a wand of polymorph (13)
   (You found it on level 4 of the Dungeon)
Scrolls
 b - a scroll of identify {@r1}
 d - 6 scrolls of teleportation {@r4}
 f - 3 scrolls of enchant armour
 g - 3 scrolls of noise {!r}
 h - 2 scrolls of brand weapon
 i - a scroll of torment {!r}
 o - 3 scrolls of poison
 y - 3 scrolls of vulnerability {!r}
 B - 5 scrolls of enchant weapon
 D - 4 scrolls of blinking
Potions
 a - 3 potions of lignification {!q}
 n - 4 potions of attraction {!q}
 q - 2 potions of mutation {!q}
 r - 3 potions of brilliance
 v - 2 potions of berserk rage
 w - 5 potions of enlightenment
 C - 3 potions of invisibility
 E - 4 potions of might
 I - 2 potions of resistance
 M - 6 potions of cancellation


   Skills:
 + Level 15.1 Fighting
 - Level 1.7 Dodging
 + Level 15.2 Unarmed Combat
 - Level 9.0 Invocations
 + Level 12.8 Shapeshifting


You had 13 spell levels left.
You didn't know any spells.
Your spell library contained the following spells:

 Spells                   Type           Power      Damage    Failure   Level
 Magic Dart               Conj           0%         1d3       36%         1
 Shock                    Conj/Air       0%         1d3       36%         1
 Slow                     Hex            0%         N/A       36%         1
 Blink                    Tloc           0%         N/A       50%         2
 Call Imp                 Summ           0%         N/A       50%         2
 Lesser Beckoning         Tloc           0%         N/A       50%         2
 Confusing Touch          Hex            0%         N/A       75%         3
 Inner Flame              Hex/Fire       0%         N/A       75%         3
 Swiftness                Air            0%         N/A       75%         3
 Teleport Other           Tloc           0%         N/A       75%         3
 Vampiric Draining        Necr           0%         2d6       75%         3
 Airstrike                Air            0%         2d(0-16)  98%         4
 Maxwell's Portable Pile  Tloc           0%         2d(5-10)  98%         4
 Passage of Golubria      Tloc           0%         N/A       98%         4
 Irradiate                Conj/Alch      0%         3d11      100%        5
 Silence                  Hex/Air        0%         N/A       100%        5
 Haunt                    Necr/Summ      0%         N/A       100%        7
 Malign Gateway           Summ/Tloc      0%         N/A       100%        7
 Borgnjor's Revivificati  Necr           0%         N/A       100%        8
 Ignition                 Fire           0%         3d3       100%        8
 Lehudib's Crystal Spear  Conj/Erth      0%         10d2      100%        8
 Summon Horrible Things   Summ           0%         N/A       100%        8
 Death's Door             Necr           0%         N/A       100%        9


Dungeon Overview and Level Annotations

Branches:
Dungeon (10/15) Zot: 26205  Temple (0/1) D:5            Lair (5/5) D:8 Zot: 20431
  Swamp (0/4) Lair:3        Snake (0/4) Lair:3          Orc (1/2) D:10 Zot: 5881
  Slime: Lair:4-5

Altars:
Ashenzari
Cheibriados
Elyvilon
Fedhas
Gozag
Makhleb
Nemelex Xobeh
Qazlal
Trog
Uskayaw
Vehumet
Wu Jian
Xom
Jiyva

Annotations:
D:5 1 runed translucent door, Crazy Yiuf
D:9 3 runed translucent doors, mertasd123's ghost, novice GnSu
Lair:2 2 transporters
Lair:4 exclusion: 4 oklob plants


Innate Abilities, Weirdness & Mutations

You are something dangerously unstable.
You glow with magical radiation, making you easy to see and hit.
Foes you strike become dangerously contaminated with magical radiation.
You are incapable of wielding weapons or throwing items.
Your facial features look somewhat orcish.
You can breathe blasts of noxious fumes.
Your lurid green scales are hard. (AC +8)
You cannot fit into any form of body armour.
Your tail ends in a venomous barb.
Your system is resistant to poisons. (rPois)
You are cold-blooded and may be slowed by cold attacks.


Message History

The orc warrior dies!
Wargath hits the orc warrior from afar with a +2 trident of venom.
The orc warrior looks as sick as possible!
The orc high priest mumbles some strange prayers to Beogh against you.
Beogh smites you!
* * * LOW HITPOINT WARNING * * *
The troll bites you.
* * * LOW HITPOINT WARNING * * *
The troll claws you.
* * * LOW HITPOINT WARNING * * *
The troll claws you.
* * * LOW HITPOINT WARNING * * *
The orc warrior hits you with a +0 long sword!
* * * LOW HITPOINT WARNING * * *
You swap places.
Morguth hits the orc warrior with a +1 heavy flail!
Wargath closely misses the orc warrior.
The troll completely misses you. The troll closely misses you.
The troll claws you but does no damage.
The orc warrior hits you with a +0 long sword!
* * * LOW HITPOINT WARNING * * *
Okay, then.
You swap places.
Brunolf hits the orc warrior with a +0 morningstar of venom.
The orc warrior dies!
Beogh accepts your kill.
Morguth hits the troll with a +1 heavy flail!
Wargath hits the troll with a +2 trident of venom!
The troll is poisoned.
The orc high priest grunts, "The messiah will be a true Orc!"
The orc high priest mumbles some strange prayers to Beogh.
The troll bites Wargath.
The troll claws Wargath but does no damage.
The troll claws Wargath.
Okay, then.
Okay, then.
Brunolf invokes the aid of Beogh against the troll.
The troll is smitten.
Wargath hits the troll with a +2 trident of venom!
The troll dies!
Beogh accepts your kill.
The orc high priest utters an invocation to Beogh.
Brunolf hits the orange demon with a +0 morningstar of venom.
The orange demon is poisoned.
Morguth hits the orange demon with a +1 heavy flail!
Wargath hits the orange demon from afar with a +2 trident of venom!
The orange demon barely misses Wargath.
The orc high priest calls down the wrath of Beogh upon you.
Beogh smites you!
You die...
Beogh appreciates the orc high priest's killing of a heretic priest.

........ ## ####..)...#
##. ##..#....# #..
#........# #). ##.......##
#44## ###......†..#
#)o.#####...........##..
#..o)................'.#
##.4oo.p..#.#..#.....###
####.....##.#####.....>.
##..#######...# #.>.....
#.....#.......# #.......
#........######...###
#####..........#)# #...
#.##.......)......>.#
##.##
$.....^.....#.)...$.#.#...
#........#####)..).....#


You could see an orc high priest, an orange demon (summoned, distracted, very
poisoned, ally target), a hellwing (summoned), an ice devil (summoned), the
friendly Brunolf the orc apostle, the friendly Morguth the orc apostle and the
friendly Wargath the orc apostle.

Vanquished Creatures
  6 catoblepae
  17 death yaks
  Nergalle (Lair:1)
  A skyshark (Lair:3)
  A lindwurm (Lair:3)
  A manticore (Lair:5)
  3 black mambas
  9 cane toads
  9 rime drakes
  8 komodo dragons
  A polar bear (Lair:5)
  Grinder (D:6)
  14 blink frogs
  Sigmund (D:5)
  A wraith (D:10)
  8 wyverns
  30 yaks
  A steam dragon (Lair:1)
  Menkaure (D:5)
  5 basilisks
  14 water moccasins
  2 orc warriors (Orc:1)
  2 black bears
  An ice beast (D:5)
  3 ogres
  2 wolves (Lair:3)
  2 centaurs
  A phantom (D:7)
  2 kobold brigands (D:10)
  9 bullfrogs
  4 gnoll sergeants
  3 scorpions
  3 wights (D:10)
  6 killer bees (D:9)
  2 jellies
  4 electric eels
  2 howler monkeys
  A crimson imp (D:5)
  3 bombardier beetles
  2 hounds
  3 gnoll boudas
  2 orc priests
  Jessica (D:3)
  5 iguanas
  Ijyb (D:3)
  Terence (D:2)
  3 hell rats (D:8)
  2 sleepcaps
  8 orc wizards
  Robin (D:1)
  21 gnolls
  7 adders
  A river rat (D:8)
  2 shadow imps
  A white imp (D:6)
  2 dart slugs
  18 orcs
  7 endoplasms
  2 giant cockroaches
  17 goblins
  16 hobgoblins
  11 kobolds
  7 quokkas
  6 ball pythons
  9 bats
  2 frilled lizards
  8 rats
351 creatures vanquished.

Vanquished Creatures (collateral kills)
  Rupert (Lair:3)
  Harold (Lair:1)
  A hydra (Lair:5)
  A catoblepas (Lair:1)
  7 death yaks
  An orc high priest (Orc:1)
  A manticore (Lair:5)
  A black mamba (Lair:3)
  2 kobold blastminers (Orc:1)
  A torpor snail (Lair:4)
  4 cane toads
  3 rime drakes (Lair:5)
  3 komodo dragons (Lair:1)
  A troll (Orc:1)
  A polar bear (Lair:3)
  6 blink frogs
  A wraith (D:10)
  14 yaks
  A wyvern (Lair:2)
  2 wargs (Orc:1)
  A basilisk (Lair:1)
  A water moccasin (Lair:3)
  3 orc warriors (Orc:1)
  A black bear (Lair:2)
  An ogre (Orc:1)
  3 wolves (Lair:3)
  A centaur (D:10)
  3 bullfrogs
  A scorpion (Lair:2)
  2 wights (D:10)
  A killer bee (D:9)
  A howler monkey (D:9)
  2 orc priests
  3 orc wizards
  2 gnolls (D:9)
  2 orcs (Orc:1)
  6 kobolds (D:10)
87 creatures vanquished.

Vanquished Creatures (others)
  2 orc apostles (Lair:3)
  An orc warrior (Orc:1)
  An orc wizard (D:5)
  6 orcs
10 creatures vanquished.

Grand Total: 448 creatures vanquished

Notes
Turn   | Place    | Note
-------+----------+-------------------------------------------
     0 | D:1      | GeoRichter the Draconian Shapeshifter began the quest for
                  | the Orb.
     0 | D:1      | Reached XP level 1. HP: 16/16 MP: 1/1
     2 | D:1      | Noticed an oni
     2 | D:1      | Noticed a draconian
     4 | D:1      | Noticed an armataur
     4 | D:1      | Noticed a felid
     6 | D:1      | Noticed a ghoul
     6 | D:1      | Noticed a troll
     8 | D:1      | Noticed a gargoyle
     8 | D:1      | Noticed a spriggan
    10 | D:1      | Noticed a demigod
    10 | D:1      | Noticed a tengu
    12 | D:1      | Noticed a dwarf
    14 | D:1      | Noticed a djinni
    16 | D:1      | Noticed a minotaur
    16 | D:1      | Noticed a formicid
    18 | D:1      | Noticed a demonspawn
    18 | D:1      | Noticed a merfolk
    20 | D:1      | Noticed an octopode
    22 | D:1      | Noticed a vine stalker
    22 | D:1      | Noticed a vampire
    24 | D:1      | Noticed an elf
    24 | D:1      | Noticed a naga
    26 | D:1      | Noticed a human
    28 | D:1      | Noticed a barachi
   231 | D:1      | Reached XP level 2. HP: 23/23 MP: 2/2
   503 | D:1      | Reached XP level 3. HP: 29/29 MP: 3/3
   927 | D:2      | Noticed Terence
   948 | D:2      | Killed Terence
  1009 | D:2      | Reached XP level 4. HP: 37/37 MP: 4/4
  1219 | D:2      | Noticed Robin
  1248 | D:1      | Killed Robin
  1698 | D:3      | Reached skill level 5 in Unarmed Combat
  1698 | D:3      | Reached XP level 5. HP: 30/45 MP: 5/5
  1805 | D:3      | Noticed Jessica
  1805 | D:3      | Noticed Ijyb
  1813 | D:3      | Killed Jessica
  1837 | D:3      | Killed Ijyb
  1908 | D:3      | Became a worshipper of Beogh the Shepherd
  2245 | D:4      | Reached XP level 6. HP: 28/52 MP: 6/6
  2908 | D:4      | Reached * piety under Beogh
  2909 | D:4      | Your scales start taking on a lurid green colour.
  2909 | D:4      | Reached XP level 7. HP: 45/60 MP: 7/7
  2909 | D:4      | Gained mutation: Your system is resistant to poisons.
                  | (rPois) [Green Draconian growth]
  3263 | D:5      | Entered Level 5 of the Dungeon
  3322 | D:5      | Reached skill level 5 in Fighting
  3408 | D:5      | Found a runed translucent door.
  3409 | D:5      | Noticed Crazy Yiuf
  3436 | D:5      | Found a staircase to the Ecumenical Temple.
  3580 | D:5      | Noticed Sigmund
  3590 | D:5      | Killed Sigmund
  3832 | D:5      | Found a burning altar of Makhleb.
  3920 | D:5      | Reached XP level 8. HP: 66/70 MP: 8/8
  4155 | D:5      | Noticed Menkaure
  4159 | D:5      | Killed Menkaure
  4159 | D:5      | Reached ** piety under Beogh
  5028 | D:6      | Found a radiant altar of Vehumet.
  5476 | D:6      | Reached XP level 9. HP: 70/79 MP: 9/9
  5514 | D:6      | Noticed Grinder
  5529 | D:6      | Killed Grinder
  5530 | D:6      | Reached skill level 5 in Shapeshifting
  5608 | D:6      | Found a bloodstained altar of Trog.
  5610 | D:6      | Found a stormy altar of Qazlal.
  6812 | D:8      | Found a staircase to the Lair.
  7073 | D:8      | Reached skill level 10 in Unarmed Combat
  7152 | D:8      | Found an ornate altar of the Wu Jian Council.
  7191 | D:9      | Found a runed translucent gate.
  7191 | D:9      | Found a runed translucent gate.
  7191 | D:9      | Noticed a two-headed ogre
  7193 | D:9      | Found a runed translucent gate.
  7195 | D:9      | Noticed mertasd123's ghost (novice GnSu)
  7251 | D:9      | Reached *** piety under Beogh
  7277 | D:9      | Noticed Wargath
  7294 | D:9      | Anointed Wargath the priest as your apostle
  7775 | D:9      | Reached XP level 10. HP: 89/90 MP: 10/10
  7778 | D:9      | Reached skill level 1 in Invocations
  8186 | D:9      | Identified the amulet "Balos" {rF+ RegenMP+ Dex+4 SInv}
  8315 | D:9      | Noticed Morguth
  8324 | D:9      | Anointed Morguth the priest as your apostle
  8532 | D:10     | Entered Level 10 of the Dungeon
  8534 | D:10     | Found a white marble altar of Elyvilon.
  8546 | D:10     | Found an opulent altar of Gozag.
  8587 | D:10     | Found a broken altar of Ashenzari.
  8587 | D:10     | Found a snail-covered altar of Cheibriados.
  8588 | D:10     | Found a staircase to the Orcish Mines.
  8591 | D:10     | Found a shimmering altar of Xom.
  8591 | D:10     | Found a blossoming altar of Fedhas.
  8914 | D:10     | Found a hide-covered altar of Uskayaw.
  9091 | D:10     | Found a sparkling altar of Nemelex Xobeh.
  9263 | Lair:1   | Entered Level 1 of the Lair of Beasts
  9300 | Lair:1   | Noticed a catoblepas
  9310 | Lair:1   | Killed a catoblepas
  9311 | Lair:1   | Reached skill level 5 in Invocations
  9340 | Lair:1   | Reached XP level 11. HP: 37/99 MP: 15/15
  9540 | Lair:1   | Noticed Nergalle
  9544 | Lair:1   | Killed Nergalle
  9593 | Lair:1   | Noticed a catoblepas
  9603 | Lair:1   | Killed a catoblepas
  9604 | Lair:1   | Reached skill level 10 in Fighting
 10346 | Lair:1   | Noticed Harold
 10352 | Lair:1   | Killed Harold
 10955 | Lair:2   | Noticed a death yak
 10955 | Lair:2   | Noticed a death yak
 10955 | Lair:2   | Noticed a death yak
 10955 | Lair:2   | Noticed a death yak
 10956 | Lair:2   | Noticed a death yak
 10956 | Lair:2   | Noticed a death yak
 10960 | Lair:2   | Killed a death yak
 10974 | Lair:2   | Killed a death yak
 11296 | Lair:2   | Killed a death yak
 11297 | Lair:2   | Reached XP level 12. HP: 110/110 MP: 10/18
 11302 | Lair:2   | Killed a death yak
 11309 | Lair:2   | Killed a death yak
 11313 | Lair:2   | Killed a death yak
 11632 | Lair:2   | Found a transporter.
 11635 | Lair:2   | Found a transporter.
 11635 | Lair:2   | Noticed a boulder beetle
 12147 | Lair:3   | Reached skill level 10 in Shapeshifting
 12569 | Lair:3   | Found a staircase to the Swamp.
 12781 | Lair:3   | Noticed Rupert
 12787 | Lair:3   | Your ally Wargath died
 12788 | Lair:3   | Killed Rupert
 12970 | Lair:3   | Your ally Morguth died
 13223 | Lair:3   | Found a staircase to the Snake Pit.
 14122 | Lair:4   | Reached XP level 13. HP: 89/119 MP: 19/19
 15657 | Lair:4   | Found a viscous altar of Jiyva.
 16515 | Lair:5   | Entered Level 5 of the Lair of Beasts
 17716 | Lair:5   | Gained mutation: Your tail ends in a venomous barb. [Green
                  | Draconian growth]
 17716 | Lair:5   | Reached XP level 14. HP: 118/133 MP: 14/20
 18252 | Lair:5   | Anointed Brunolf the priest as your apostle
 18255 | Lair:5   | Reached skill level 15 in Unarmed Combat
 18267 | Lair:5   | Reached skill level 15 in Fighting
 19026 | Orc:1    | Entered Level 1 of the Orcish Mines
 19150 | Orc:1    | Killed from afar by an orc high priest

Illustrated notes

Levels and vault maps discovered:
D:1:      kb_arrival_jail, layout_basic, dk_noncrumbling_4,
          dreamdust_mushroom_princess
D:2:      layout_rooms, grunt_decor_cap, uniq_terence, uniq_robin
D:3:      minmay_inner_zag, layout_rooms, uniq_ijyb, uniq_jessica
D:4:      layout_loops_cross, serial_library_hellmonk_small_alcove,
          serial_library_regret_index_headful
D:5:      layout_loops_corners, makhleb_grotto_becter, temple_pool_b,
          grunt_ministairs_13, uniq_crazy_yiuf_cottage, uniq_sigmund,
          uniq_menkaure
D:6:      layout_rooms, vehumet_altar_wand_db, minitemple, uniq_grinder
D:7:      layout_loops_ring
D:8:      layout_rooms, general_overflow_altar, dpeg_lair_monsters
D:9:      layout_basic, gammafunk_ghost_split
D:10:     layout_small_grid, mainiacjoe_overflow_surrounded_room,
          mainiacjoe_overflow_catwalk_spiral, grunt_temple_overflow_open,
          mainiacjoe_overflow_brackets, orc_0_dummy, grunt_ministairs_8,
          item_on_display_a
Lair:1:   layout_cave_pods, grunt_megastairs_4, serial_bayou_shore_a,
          uniq_harold, uniq_nergalle
Lair:2:   gammafunk_boulding_lane, layout_big_grid, lemuel_fruit_tree,
          lemuel_fruit_fields
Lair:3:   hellmonk_destroyed_diamonds, layout_loops_ring,
          minmay_swamp_entry_eels, minmay_snake_entry_six_corridors, uniq_rupert
Lair:4:   regret_index_malice_mire, layout_regular_city,
          minmay_slime_entry_oklob_enclosed, beast_lair_carwin_4
Lair:5:   evilmike_catoblepas_cave, layout_cave_pods, minmay_lair_drake_nest
Orc:1:    layout_diamond_mine, serial_shops, nicolae_shop_rolling_square,
          lightli_volcano_entry_magma_tube, uniq_urug

Skill      XL: |  1  2  3  4  5  6  7  8  9 10 11 12 13 14 |
---------------+-------------------------------------------+-----
Fighting       | 2 3 4 5 7 8 9 11 12 14 15 | 15.1
Unarmed Combat | 4 5 6 8 9 10 11 12 13 14 15 | 15.2
Shapeshifting  | 4 7 8 9 10 12 | 12.8
Invocations    | 6 9 |  9.0
Dodging        | |  1.7

Action                     |  1- 3 |  4- 6 |  7- 9 | 10-12 | 13-15 || total
---------------------------+-------+-------+-------+-------+-------++-------
  Melee: Unarmed           |    82 |   184 |   293 |   343 |   346 ||  1248
         Tailslap          |    14 |    25 |    39 |    67 |    85 ||   230
         Punch             |       |     4 |     9 |       |       ||    13
  Throw: Dart              |       |       |     1 |       |       ||     1
 Invoke: Convert to Beogh  |       |     1 |       |       |       ||     1
         Recruit Apostle   |       |       |     1 |     1 |     1 ||     3
         Smiting           |       |       |       |    35 |     9 ||    44
         Recall Apostles   |       |       |       |     6 |     1 ||     7
Ability: Noxious Breath    |       |       |     6 |     1 |     3 ||    10
  Evoke: Wand              |       |       |     2 |     4 |     2 ||     8
    Use: Scroll            |       |       |    18 |    10 |     4 ||    32
         Potion            |       |       |     1 |     3 |     1 ||     5
   Stab: Sleeping          |       |     1 |     2 |       |       ||     3
         Distracted        |       |       |     2 |     5 |     4 ||    11
         Confused          |       |       |     1 |       |     3 ||     4
         Petrified         |       |       |       |       |     2 ||     2
 Armour: Skin              |    53 |    76 |   134 |   221 |   250 ||   734
  Dodge: Dodged            |    48 |   107 |   137 |   221 |   181 ||   694
  Block: Buckler           |       |       |    19 |       |       ||    19
   Form: Flux              |       |       |     1 |     1 |       ||     2
         Serpent           |       |       |       |     1 |       ||     1

Table legend: (Time is in decaauts)
 A = Elapsed time spent in this place.
 B = Non-inter-level travel time spent in this place.
 C = Inter-level travel time spent in this place.
 D = Time resting spent in this place.
 E = Time spent auto-exploring this place.
 F = Levels seen in this place.
 G = Mean time per level.
                   A        B        C        D        E       F      G
               +--------+--------+--------+--------+--------+-----+--------+
         Total |  18939 |  18151 |    788 |   3099 |  12020 |  16 | 1183.7 |
       Dungeon |   9252 |   8742 |    510 |    489 |   6586 |  10 |  925.2 |
          Lair |   9568 |   9291 |    277 |   2576 |   5434 |   5 | 1913.6 |
  Orcish Mines |    117 |    117 |      0 |     34 |      0 |   1 |  117.0 |
               +--------+--------+--------+--------+--------+-----+--------+

Top non-repeatable levels by time:
  Lair:4: 2739 daAuts
  Lair:5: 2312 daAuts
  Lair:3: 1840 daAuts
  Lair:1: 1773 daAuts
     D:5: 1632 daAuts
     D:9: 1384 daAuts
     D:4: 1095 daAuts
  Lair:2: 903 daAuts
     D:1: 870 daAuts
     D:6: 783 daAuts
     D:7: 742 daAuts
     D:8: 732 daAuts
     D:3: 711 daAuts
    D:10: 706 daAuts
     D:2: 593 daAuts
